[Event "SixDays Budapest January-IMB 2023"]
[Site "Budapest"]
[Date "2023.01.24"]
[Round "3.2"]
[White "Urhegyi, Marton"]
[Black "Farkas, Gabor"]
[Result "1/2-1/2"]
[ECO "C45"]
[WhiteElo "2253"]
[BlackElo "2321"]
[Annotator "TA"]
[PlyCount "31"]
[EventDate "2023.01.23"]
[EventType "tourn"]
[EventCountry "HUN"]
[SourceTitle "playchess.com"]
[Source "ChessBase"]
[SourceQuality "1"]
[TimeControl "5400+30"]

1. e4 e5 2. Nf3 Nc6 3. d4 exd4 4. Nxd4 Bc5 5. Nb3 Bb4+ 6. c3 Be7 7. c4 Nf6 8. Nc3 Bb4 {[%emt 0:03:19] A28: English Opening: Four Knights Variation.} 9. f3 {[%emt 0:13:12] [#] An uneventful encounter.} {Predecessor:} O-O $146 10. Be3 Re8 11. Qd2 a5 12. a3 Bxc3 13. Qxc3 d6 14. O-O-O Qe7 15. Nd4 Ne5 16. Nb5 {1-0 Sotelo,N (2062)-Perez Pietronave,C (2236) Villa Martelli op-B 21st 2014 (6)} 1/2-1/2

[Event "SixDays Budapest January-IMB 2023"]
[Site "Budapest"]
[Date "2023.01.24"]
[Round "3.3"]
[White "La Barbera, Manfredi"]
[Black "Jakab, Attila"]
[Result "0-1"]
[ECO "B01"]
[WhiteElo "1961"]
[BlackElo "2308"]
[Annotator "TA"]
[PlyCount "82"]
[EventDate "2023.01.23"]
[EventType "tourn"]
[EventCountry "HUN"]
[SourceTitle "playchess.com"]
[Source "ChessBase"]
[SourceQuality "1"]
[TimeControl "5400+30"]

1. e4 d5 2. exd5 Nf6 3. d4 Nxd5 4. Nf3 Bg4 5. h3 Bh5 6. Be2 {[%emt 0:05:19] B01: Scandinavian Defence.} e6 7. O-O Bd6 8. Bg5 {[%emt 0:13:16] White is slightly better.} f6 {[%emt 0:00:45] [#]} 9. Bd2 $146 ({Predecessor:} 9. Be3 Nxe3 10. fxe3 Nc6 11. c4 O-O 12. Nc3 Qe8 13. Ne4 Be7 14. Ng3 Bg6 15. Nh4 {1-0 Godoy Baez,H (1386)-Gomez,O (1666) PAR-ch qual2 2018 (7)}) 9... O-O 10. c4 Nf4 11. c5 {[%emt 0:01:01] Bc4 is the strong threat.} Nxe2+ 12. Qxe2 Be7 13. Qxe6+ Kh8 {[%emt 0:00:16] Black is weak on the dark squares} 14. Be3 Bxf3 15. gxf3 f5 $1 16. f4 Nc6 (16... Rf6 $11 {keeps the balance.} 17. Qc4 Qe8) 17. Nc3 $16 Qe8 18. Qb3 Rf6 19. Kh2 $1 {[%emt 0:01:00] aiming for d5.} (19. Qxb7 $2 Rb8 20. Qxc7 Rh6 $19) 19... Rh6 {[%emt 0:02:46] ( -> ...Qh5)} 20. Qd1 (20. Qxb7 Qh5 21. Kg1 Qxh3 22. Qxa8+ Bd8) (20. Ne2 $5 ) 20... Rd8 (20... Bf6 $11) 21. d5 $14 Nb4 22. Qf3 Nc2 23. Rac1 Nxe3 24. Qxe3 Qh5 $1 25. b4 (25. Qxe7 $2 Qxh3+ 26. Kg1 Qh2#) 25... a5 26. a3 $1 (26. Qxe7 $2 Qxh3+ 27. Kg1 Qh2#) 26... axb4 27. axb4 b6 $2 28. Ne2 $2 (28. Qxe7 $2 Qxh3+ 29. Kg1 Qh2#) (28. d6 $18 Bxd6 29. cxd6 Rhxd6 30. Rcd1) 28... Re8 {[%emt 0:21:11] [#]} (28... bxc5 $142 29. bxc5 Bf8) 29. Qd3 $1 $16 (29. cxb6 $6 cxb6 30. Qd3 Bxb4 $11) 29... bxc5 30. bxc5 g5 31. Ng1 gxf4 32. Rfe1 {[%emt 0:00:21][%cal Od5d6] Hoping for d6!} Bh4 (32... f3 $16 33. Qxf3 (33. Nxf3 $2 Qxh3+ 34. Kg1 Qh1#) 33... Qh4 34. Qc3+ (34. Qxf5 Rh5 $11) 34... Kg8 35. Qg3+ Qxg3+ 36. fxg3 Kf7) 33. Qd4+ $2 (33. Rxe8+ $18 {has better winning chances.} Qxe8 34. d6 (34. Qxf5 Bxf2 35. d6 cxd6 $11)) 33... Bf6 34. Qxf4 (34. Qd1 $16 {Black must now prevent Qxh5.} Rg8 35. Qxh5 Rxh5 36. Nf3) 34... Rg8 $14 35. Re3 {[%emt 0:00:43] [#]} (35. Qf3 $14) 35... Qg5 $1 $17 ({Resist} 35... Qg6 36. Rg3 (36. Qxc7 $2 Qg2#) 36... Bg5 37. Qe5+ (37. Qxc7 Bxc1 38. Rxg6 Rhxg6 $11) 37... Qf6 38. Qxf6+ (38. Qxc7 $2 {loses.} Bxc1 39. Rxg8+ Kxg8 $19) 38... Rxf6 39. Rc4 $16) 36. Qf3 {[%emt 0:01:38] Against Qg2+} (36. Qxc7 $2 Qg2#) 36... Be5+ 37. Kh1 (37. Rxe5 $142 Qxc1 38. Ne2 Qxc5 39. Rxf5) 37... Bf4 $40 {[%emt 0:00:28][%mdl 128] Black has strong attack. Black is much more active.} 38. Rf1 (38. Ne2 $17 Bxe3 39. fxe3) 38... Bxe3 $19 39. fxe3 c6 40. d6 (40. Ne2 $142) 40... Re6 41. Qxc6 $2 (41. Qf2 $19 Rxe3 42. Nf3) 41... Re4 {[%emt 0:00:21] Weighted Error Value: White=0.46/Black=0.19 (very precise)} 0-1

[Event "SixDays Budapest January-IMB 2023"]
[Site "Budapest"]
[Date "2023.01.24"]
[Round "3.4"]
[White "Gatineau, Yovann"]
[Black "Papp, Levente"]
[Result "1-0"]
[ECO "E10"]
[WhiteElo "2354"]
[BlackElo "2391"]
[Annotator "TA"]
[PlyCount "49"]
[EventDate "2023.01.23"]
[EventType "tourn"]
[EventCountry "HUN"]
[SourceTitle "playchess.com"]
[Source "ChessBase"]
[SourceQuality "1"]
[TimeControl "5400+30"]

1. d4 e6 2. Nf3 Nf6 3. c4 c5 4. d5 b5 5. e4 Nxe4 6. Bd3 {[%emt 0:00:08] E10: Blumenfeld Gambit.} Nf6 7. Nc3 (7. cxb5 Nxd5 8. O-O d6 $15) 7... bxc4 8. Bxc4 {[%emt 0:00:08] White is slightly better.} Ba6 9. Bxa6 Nxa6 10. O-O Qc8 {[%emt 0:00:49] 10...Nc7 is vanishing.} 11. Bg5 Be7 12. Bxf6 {[%emt 0:11:00] [#]} (12. dxe6 $5 fxe6 13. Ne5 $11) 12... gxf6 $146 (12... Bxf6 $11 13. Ne4 O-O) ({Predecessor:} 12... Bxf6 13. Ne4 O-O 14. Nxf6+ gxf6 15. Nd2 exd5 16. Qh5 Qc6 17. Rae1 Kh8 18. Nf3 Nc7 {0-1 Stefansson,V (2359)-Lomasov,S (2525) Arandjelovac Akva Gold GM2 2021 (8)}) 13. Re1 Qb7 {[%emt 0:33:33] Black is weak on the light squares} 14. Qa4 ({White should play} 14. Qd2 $16) 14... O-O (14... Rg8 $11 {keeps the balance.}) 15. Rad1 $1 $36 {[%emt 0:05:04][%mdl 2048] Hoping for dxe6. Black is under strong pressure. White is more active.} Rae8 (15... Qxb2 $2 16. Nb5 Nb4 17. Rd2 $18 (17. Nxa7 $2 Nxd5 18. Rxd5 {[%mdl 64] Remove Defender} exd5 $19) (17. Nxa7 $2 Nxd5 18. Rxd5 exd5 $19)) 16. dxe6 (16. Re3 $1 $18) 16... dxe6 $14 17. Rd7 $1 {[%emt 0:00:33] Inhibits Rd8.} Qxb2 18. Nd1 (18. Re3 $5 ) 18... Qb6 19. Qh4 {[%emt 0:07:13][%mdl 1024] aiming for Nc3. White has compensation.} Qb1 20. Nd2 (20. Rxa7 Nb4 $11) (20. Ne3 $11 Qb4 21. Ng4 (21. Rxa7 Qxh4 22. Nxh4 Nb4 $17)) 20... Qf5 $2 {[%emt 0:04:49][%mdl 8192] [#] Black cannot hold the game after this.} (20... Qg6 $15) 21. Re3 $1 $18 {[%emt 0:07:27] Strongly threatening Rg3+.} (21. Rxa7 Nb4 $15) 21... Kh8 {[%emt 0:01:32] [#] White must now prevent ...Nb8.} 22. Rg3 $1 {[%emt 0:00:27] And now Ne3 would win.} Rg8 23. Ne3 ({Worse is} 23. Rxa7 Rd8 24. Rxg8+ (24. Rxe7 Rxd2 25. Rxg8+ Kxg8 $15) 24... Kxg8 $15) 23... Qe5 24. Ng4 ({And not} 24. Rxa7 Nc7 $11) 24... Qg5 (24... Qa1+ 25. Nf1 f5 26. Rxe7 fxg4) 25. Nh6 {[%emt 0:00:28] Weighted Error Value: White=0.17 (very precise) /Black=0.38} 1-0

[Event "SixDays Budapest January-IMB 2023"]
[Site "Budapest"]
[Date "2023.01.24"]
[Round "3.5"]
[White "Apol, Luitjen Akselsson"]
[Black "To, Nhat Minh"]
[Result "0-1"]
[ECO "B40"]
[WhiteElo "2215"]
[BlackElo "2335"]
[Annotator "TA"]
[PlyCount "88"]
[EventDate "2023.01.23"]
[EventType "tourn"]
[EventCountry "HUN"]
[SourceTitle "playchess.com"]
[Source "ChessBase"]
[SourceQuality "1"]
[TimeControl "5400+30"]

1. e4 c5 2. Nf3 e6 3. g3 Nc6 4. Bg2 Nf6 5. Qe2 e5 6. O-O {[%emt 0:00:36] B40: Sicilian: 2...e6, Unusual lines.} Be7 7. c3 O-O 8. d3 {[%emt 0:00:39] The position is equal.} Re8 9. Na3 h6 10. Nc4 d6 11. Ne3 Be6 12. Nh4 Bf8 {[%emt 0:06:17] [#]} 13. f4 $146 ({Predecessor:} 13. Nd5 Bxd5 14. exd5 Ne7 15. c4 g5 16. Nf3 Ng6 17. Nd2 Rb8 18. Bh3 b5 19. Ne4 {1-0 Artemiev,V (2691)-Harikrishna,P (2744) Huaian IMSA blitz 2nd 2017 (9.6)}) 13... exf4 14. gxf4 {[%emt 0:00:11] [#]} (14. Rxf4 g5 15. Rxf6 Qxf6 $17) 14... Nxe4 $1 {[%emt 0:02:31][%mdl 64] Discovered Attack} 15. dxe4 Qxh4 16. Bd2 Qd8 17. Kh1 f6 18. Qf3 Kh8 19. Qg3 a5 (19... Rb8 $15) 20. Rf2 Bg8 21. Bf3 Bh7 22. f5 Ne5 {[%emt 0:00:39] White must now prevent ...Nxf3.} 23. Nd5 Nxf3 24. Qxf3 b5 25. Rg1 Qd7 26. c4 bxc4 27. Bc3 {[%emt 0:00:31][%cal Od5f6] Hoping for Nxf6!} Qf7 28. Rfg2 {[%emt 0:00:49][%mdl 1024] White has compensation.} Ra7 29. Rg4 Rae7 {[%emt 0:00:38][%cal Oe7e4] ...Rxe4! is the strong threat.} 30. Rd1 (30. Bxa5 $2 Rxe4 31. Rxe4 Qxd5 $19) (30. Qg2 $14) 30... Re5 31. a3 (31. Bxa5 g6 32. fxg6 Bxg6 $11) (31. Bxe5 $14 Rxe5 32. Qg2) 31... Qb7 32. Qg2 {[%emt 0:00:55] [#]} (32. Bxe5 $14 dxe5 33. Rg2) 32... Rxd5 $1 $11 33. Rxd5 a4 34. h3 Qf7 35. Kh2 Rb8 36. Qe2 Bg8 37. Rd1 Re8 {[%emt 0:00:44][%cal Od6d5] aiming for ...d5!} 38. Qg2 Bh7 39. Qc2 Qb7 40. Qg2 (40. Qxa4 Rxe4 41. Rxe4 Qxe4) 40... Qf7 41. Rd5 Qb7 42. Qc2 Bg8 43. Rd2 (43. Qxa4 $15 Rxe4 44. Rxe4 Bxd5 45. Re8) 43... d5 $17 44. exd5 Re1 $2 {[%emt 0:00:43][%mdl 32768] Repels Qd1.   Weighted Error Value: White=0.16 (very precise) /Black=0.11 (very precise) . Loss on time!?} (44... Bxd5 $19 45. Re2 Rxe2+ 46. Qxe2 Qd7) 0-1

[Event "SixDays Budapest January-IMB 2023"]
[Site "Budapest"]
[Date "2023.01.25"]
[Round "4.1"]
[White "Daroczi, Donat"]
[Black "To, Nhat Minh"]
[Result "1/2-1/2"]
[ECO "C48"]
[WhiteElo "2148"]
[BlackElo "2335"]
[Annotator "TA"]
[PlyCount "32"]
[EventDate "2023.01.23"]
[EventType "tourn"]
[EventCountry "HUN"]
[SourceTitle "playchess.com"]
[Source "ChessBase"]
[SourceQuality "1"]
[TimeControl "5400+30"]

1. e4 e5 2. Nf3 Nf6 3. Nc3 Nc6 4. Bb5 Nd4 5. Bc4 Bc5 6. d3 d6 {[%emt 0:00:46] The position is equal.} 7. Na4 {[%emt 0:00:30] C48: Four Knights: 4 Bb5, replies other than 4...Bb4.} b5 8. Nxd4 bxc4 9. Nf5 Bxf5 10. exf5 {[%emt 0:00:30] [#] Not much happened in this game.   Weighted Error Value: White=0.00 (flawless) /Black=0.00 (flawless)} {Predecessor:} cxd3 $146 11. Nxc5 dxc5 12. cxd3 O-O 13. O-O Qd7 14. Qf3 Rfd8 15. Be3 Qxd3 16. Rac1 h6 {½-½ Kollars,D (2635)-Nepomniachtchi,I (2773) Titled Tuesday intern op 22 Mar Early blitz 2022 (8)} 1/2-1/2

[Event "SixDays Budapest January-IMB 2023"]
[Site "Budapest"]
[Date "2023.01.25"]
[Round "4.2"]
[White "Papp, Levente"]
[Black "Apol, Luitjen Akselsson"]
[Result "1-0"]
[ECO "A05"]
[WhiteElo "2391"]
[BlackElo "2215"]
[Annotator "TA"]
[PlyCount "81"]
[EventDate "2023.01.23"]
[EventType "tourn"]
[EventCountry "HUN"]
[SourceTitle "playchess.com"]
[Source "ChessBase"]
[SourceQuality "1"]
[TimeControl "5400+30"]

1. Nf3 Nf6 2. g3 g6 3. b3 Bg7 4. Bb2 O-O 5. Bg2 c5 6. c4 d6 7. d4 cxd4 8. Nxd4 d5 9. O-O dxc4 10. bxc4 Qb6 11. Qb3 {[%emt 0:05:26][%cal Ob1c3] A49: 1 d4 Nf6 2 Nf3 g6 3 g3: Anti-King's Indian systems.} Nfd7 12. e3 {[%emt 0:18:37] 12.Rd1 is more advanced technology.} Na6 (12... e5 $11 13. Nc2 Nc5) 13. Nc3 $14 {[%emt 0:02:21] White is slightly better.} Nac5 14. Qc2 e6 15. Rab1 a6 16. Ne4 (16. Nb3 $142) 16... Qc7 $16 {[%emt 0:03:56] [#]} 17. Nb3 $146 ({Better is} 17. Ba3 $16) ({Predecessor:} 17. Ba3 Re8 18. Rfd1 Nxe4 19. Bxe4 Nc5 20. Bxc5 Qxc5 21. Qa4 Re7 22. Nb3 Qc7 23. Na5 Ra7 24. c5 f5 25. Bg2 Bc3 26. Nc4 Qxc5 27. Rd8+ Kg7 28. Nb6 {1-0 Burmakin,V (2505)-Frayna,J (2235) Barcelona Sant Marti op-A 19th 2017 (3)}) 17... Nxe4 $1 $11 18. Bxg7 Kxg7 19. Qxe4 e5 (19... Nf6 $5 20. Qd4 Bd7 $11) 20. Qd5 Rb8 21. Rfd1 Nf6 22. Qc5 Qxc5 23. Nxc5 Bg4 {[%emt 0:07:25] [#]} 24. Rdc1 Rfc8 25. Rxb7 Rxb7 26. Nxb7 Be6 {[%emt 0:01:47] [#]} 27. c5 $1 Bxa2 28. Nd6 Rc7 29. Ra1 {[%emt 0:00:33] White is more active.} Be6 30. c6 ({But not} 30. Rxa6 $6 Rxc5 31. Rc6 Nd7 $11) 30... e4 31. Bxe4 Kf8 32. Bg2 Ke7 33. Nb7 Bc4 34. Nc5 Ne8 35. Ra4 ({Weaker is} 35. Nxa6 Ra7 36. Ra4 (36. Bf1 Bxf1 37. Kxf1 Nc7 $17) 36... Bxa6 $17) 35... Bb5 36. Re4+ Kf8 $2 {[%emt 0:00:50] Loses the game.} (36... Kd6 $16 {might work better.}) 37. Nd7+ $18 Rxd7 38. cxd7 Bxd7 39. Bf1 a5 40. Re5 a4 41. Bb5 {[%emt 0:00:07] Weighted Error Value: White=0.09 (flawless) /Black=0.27 (precise)} 1-0

[Event "SixDays Budapest January-IMB 2023"]
[Site "Budapest"]
[Date "2023.01.25"]
[Round "4.3"]
[White "Jakab, Attila"]
[Black "Gatineau, Yovann"]
[Result "1-0"]
[ECO "D35"]
[WhiteElo "2308"]
[BlackElo "2354"]
[Annotator "TA"]
[PlyCount "87"]
[EventDate "2023.01.23"]
[EventType "tourn"]
[EventCountry "HUN"]
[SourceTitle "playchess.com"]
[Source "ChessBase"]
[SourceQuality "1"]
[TimeControl "5400+30"]

1. d4 d5 2. c4 e6 3. Nc3 Nf6 4. cxd5 exd5 5. Bg5 Bb4 6. e3 h6 7. Bxf6 {[%emt 0:00:27] D35: Queen's Gambit Declined: Exchange Variation.} Qxf6 8. Qa4+ Nc6 9. Bb5 {[%emt 0:00:09] The position is equal.} Bxc3+ 10. bxc3 Bd7 11. Ne2 O-O 12. O-O a6 13. Bd3 {[%emt 0:00:16] [#]} Qd6 $146 ({Predecessor:} 13... Bf5 14. Bxf5 Qxf5 15. Ng3 Qe6 16. Rfe1 b5 17. Qc2 Rad8 18. a4 b4 19. a5 Rb8 {1-0 Hicker,H (1979)-Gradinger,A (1814) North Austria-ch Seniors 65 2017 (6)}) 14. Rab1 b5 15. Qc2 Ne7 16. Qb2 Rfc8 17. f3 c5 18. e4 Ra7 19. Kh1 Rac7 20. Rbd1 (20. Qd2 $11) 20... cxd4 $1 $15 21. cxd4 Nc6 (21... b4 $1 $15) 22. a3 f6 ({Better is} 22... b4 $11) 23. Bb1 Ne7 24. e5 Qc6 25. Nf4 Bf5 26. Ba2 Kh8 27. h3 {[%emt 0:01:02] White is more active.} (27. Rfe1 $14) 27... Qc3 (27... g5 $11 28. Nh5 Qe6) 28. Qxc3 $14 Rxc3 29. Nxd5 Nxd5 30. Bxd5 Rxa3 (30... Rd8 $11 {keeps the balance.} 31. Bf7 fxe5 32. dxe5 Rxd1 33. Rxd1 g5) 31. g4 (31. e6 $16) 31... Bg6 ({Black should play} 31... Bc2 $1 $11 32. Rc1 fxe5 33. dxe5 Rc5) 32. e6 b4 33. Be4 {[%emt 0:06:10] Against b3} (33. Kg2 $14) 33... Bxe4 $11 34. fxe4 {And now Kg2 would win.} Rxh3+ {[%emt 0:02:19][%mdl 4096] Endgame KRR-KRR} 35. Kg2 Re3 (35... Rcc3 $1 $11) 36. d5 $18 Rxe4 37. Kf3 Re5 {[%emt 0:00:33] [#]} (37... Rcc4) 38. Rfe1 $1 Rxe1 39. Rxe1 {[%emt 0:00:04] KR-KR} Kg8 40. d6 {[%emt 0:00:20] Intending d7 and mate.} Kf8 41. d7 {[%emt 0:00:18] White mates.} Rc3+ 42. Kf2 Ke7 43. Rd1 Rc2+ 44. Kf1 {Weighted Error Value: White=0.20 (precise) /Black=0.42} 1-0

[Event "SixDays Budapest January-IMB 2023"]
[Site "Budapest"]
[Date "2023.01.25"]
[Round "4.4"]
[White "Farkas, Gabor"]
[Black "La Barbera, Manfredi"]
[Result "1-0"]
[ECO "A22"]
[WhiteElo "2321"]
[BlackElo "1961"]
[Annotator "TA"]
[PlyCount "49"]
[EventDate "2023.01.23"]
[EventType "tourn"]
[EventCountry "HUN"]
[SourceTitle "playchess.com"]
[Source "ChessBase"]
[SourceQuality "1"]
[TimeControl "5400+30"]

1. c4 {[%emt 0:00:04] Moradiabadi,Elshan} e5 2. Nc3 Nf6 3. g3 c6 4. Nf3 e4 5. Nd4 Qb6 6. Nc2 {[%emt 0:06:06] A23: English Opening: 1...e5 2 Nc3 Nf6 3 g3 c6.} d5 7. Bg2 {[%emt 0:06:38] [#]} h5 $146 (7... dxc4 $11 8. O-O Na6) ({Predecessor:} 7... dxc4 8. O-O Be6 9. Nxe4 Nxe4 10. Bxe4 Nd7 11. Bg2 h5 12. d4 cxd3 13. Qxd3 O-O-O {1-0 Jobava,B (2713)-Mastrovasilis,D (2580) EU-ch 18th Minsk 2017 (8)}) 8. cxd5 $14 {[%emt 0:03:00] White is slightly better.} cxd5 9. d3 Bc5 (9... Nc6 $14) 10. d4 (10. O-O $16) 10... Be7 $11 11. h4 Nc6 12. O-O Be6 13. a3 Na5 14. b4 (14. Nb4 $11 {keeps the balance.}) 14... Nc4 (14... Nb3 $17 15. Rb1 Nxc1 16. Qxc1 O-O) 15. Ne3 Rc8 ({Better is} 15... Nd6 $15) 16. Na4 $1 Qb5 17. Nc5 b6 18. Nxe6 fxe6 19. Bh3 Qd7 20. Ng2 {[%emt 0:01:17] Strongly threatening Nf4.} Ng4 $2 {[%emt 0:05:07][%mdl 8192] [#] This costs Black the game.} (20... Bd6 $1 $11 {and Black is okay.}) 21. f3 $1 $18 Nh6 22. Nf4 $1 Rc6 23. fxe4 {[%emt 0:02:00] White is clearly winning.} ({Weaker is} 23. Nxh5 e3 $16) 23... dxe4 (23... Ng4 $142 24. b5 Rc7 25. Nxh5 {[%mdl 64] Remove Defender} Rxh5) 24. d5 Bf6 25. dxc6 {[%emt 0:01:39] Weighted Error Value: White=0.18 (very precise) /Black=0.65} 1-0

[Event "SixDays Budapest January-IMB 2023"]
[Site "Budapest"]
[Date "2023.01.25"]
[Round "4.5"]
[White "Semprun Martinez, Fernando"]
[Black "Urhegyi, Marton"]
[Result "1/2-1/2"]
[ECO "B38"]
[WhiteElo "2106"]
[BlackElo "2253"]
[Annotator "TA"]
[PlyCount "76"]
[EventDate "2023.01.23"]
[EventType "tourn"]
[EventCountry "HUN"]
[SourceTitle "playchess.com"]
[Source "ChessBase"]
[SourceQuality "1"]
[TimeControl "5400+30"]

1. e4 c5 2. Nf3 Nc6 3. d4 cxd4 4. Nxd4 g6 5. c4 Bg7 6. Be3 Nf6 7. Nc3 d6 8. f3 O-O 9. Qd2 Bd7 10. h4 {[%emt 0:01:26] B38: Sicilian: Maroczy Bind with 5...Bg7 and 7...0-0.} ({White should play} 10. Be2 $14) 10... h5 11. O-O-O a6 12. Kb1 {[%emt 0:02:51] [#] White is slightly better.} Ne5 $146 ({Predecessor:} 12... Nxd4 13. Bxd4 Be6 14. Be3 b5 15. cxb5 axb5 16. Bxb5 Qa5 17. a4 Rfb8 18. Qc2 Nxe4 19. fxe4 Bxc3 20. Qxc3 Rxb5 21. Qxa5 Rbxa5 {½-½ Baldwin del Castillo,R-Sanchez Delgado,L (2053) Collado Villalba op 24th 2007 (3)}) 13. Nd5 Rc8 14. Bh6 (14. b3 $14) 14... Nxd5 (14... Nxc4 $11 15. Bxc4 Rxc4 16. Bxg7 Kxg7) 15. Bxg7 Kxg7 16. cxd5 Rh8 17. Be2 Qb6 18. f4 Ng4 {[%emt 0:03:21] [#] Prevents Qe3.} 19. Bf3 (19. f5 $1 $16) 19... Rc4 $11 20. f5 {[%emt 0:15:03] Threatens to win with Bxg4.} Qb4 $1 21. fxg6 Qxd2 22. Rxd2 fxg6 23. Be2 (23. b3 $5 Rcc8 24. Bxg4 Bxg4 25. Kb2 $11) 23... Rcc8 24. Bxg4 Bxg4 25. Rf1 Rhf8 26. Re1 Rf4 27. g3 Rf6 28. a4 (28. Rc2 $11) 28... Rcf8 {[%emt 0:00:44] ...Rf1 is the strong threat.} 29. Re3 Rf1+ 30. Ka2 Rc8 31. e5 dxe5 32. Rxe5 Kf6 33. Re3 (33. Re4 $15) 33... Rd8 34. Nb3 Bf3 (34... Rf5 $17 35. Red3 Re5) 35. Re6+ $15 Kf7 36. Re5 Kf6 37. Re6+ Kf7 38. Re5 Kf6 {[%emt 0:01:31] Weighted Error Value: White=0.21 (precise) /Black=0.18 (very precise)} (38... Bh1 $15) 1/2-1/2

[Event "SixDays Budapest January-IMB 2023"]
[Site "Budapest"]
[Date "2023.01.25"]
[Round "5.1"]
[White "Urhegyi, Marton"]
[Black "Daroczi, Donat"]
[Result "1/2-1/2"]
[ECO "B72"]
[WhiteElo "2253"]
[BlackElo "2148"]
[Annotator "TA"]
[PlyCount "124"]
[EventDate "2023.01.23"]
[EventType "tourn"]
[EventCountry "HUN"]
[SourceTitle "playchess.com"]
[Source "ChessBase"]
[SourceQuality "1"]
[TimeControl "5400+30"]

1. e4 c5 2. Nf3 d6 3. d4 cxd4 4. Nxd4 Nf6 5. Nc3 g6 6. Be3 Nc6 {[%emt 0:01:02] B72: Sicilian Dragon: 6 Be3, lines with h3+Bc4 and sidelines.} 7. f3 {[%emt 0:00:23] Against Ng4} h5 8. Qd2 Nxd4 {[%emt 0:00:09] White is slightly better.} 9. Bxd4 Bh6 $1 10. Qf2 Qa5 11. Bb5+ Kf8 $1 ({But not} 11... Bd7 12. Bxd7+ Kxd7 13. Rd1 $16) 12. O-O e5 13. Be3 Bxe3 14. Qxe3 Be6 15. Ba4 Qc5 {[%emt 0:03:10] [#]} 16. Kf2 $146 ({Predecessor:} 16. Rfe1 a6 17. Bb3 Qxe3+ 18. Rxe3 Bxb3 19. axb3 Rc8 20. Rd3 Ke7 21. Rd2 Rhd8 22. Re1 {1-0 Perez Manas,B (2259)-Martinez Martin,D (2389) ESP-chT CECLUB Div1 2020 (2.3)}) 16... Qxe3+ 17. Kxe3 d5 18. exd5 Nxd5+ 19. Nxd5 Bxd5 20. Rfd1 Be6 21. Bd7 Ke7 22. Bxe6 Kxe6 $11 {[%emt 0:00:04][%mdl 4096] Endgame KRR-KRR} 23. Rd3 Rac8 24. c3 Rhd8 25. Rad1 Rxd3+ 26. Rxd3 {[%emt 0:01:13] KR-KR} f5 27. Rd1 b5 28. a3 g5 29. h3 a5 30. Ra1 Rb8 31. Rd1 Rg8 32. Ra1 a4 33. Rd1 Re8 34. Ke2 $1 Rh8 35. Ke3 Rg8 36. Ke2 ({White should play} 36. Kf2 $15) 36... g4 $19 37. hxg4 hxg4 38. fxg4 Rxg4 39. Kf2 {[%emt 0:00:23] [#]} Rg8 {[%emt 0:00:34] Wards off Rd8} (39... Rg7 $1 $17 {[%cal Rg7d7] And now ...Rd7 would win.} 40. Rd8 Rd7 41. Re8+ Kd5) 40. Kf3 $2 (40. g3 $1 $15) 40... e4+ 41. Kf2 {[%emt 0:00:15] [#]} e3+ $2 42. Kf3 $1 $11 {[%emt 0:00:57] The position is equal.} Ke5 43. Rd7 f4 {[%emt 0:00:25] ...Rg3+ would be deadly.} 44. Re7+ $1 Kd6 45. Re4 Rg3+ 46. Kxf4 Rxg2 47. Kxe3 Rxb2 48. Rh4 Rb3 49. Kd4 Rxa3 50. Rh6+ Kc7 51. Kc5 Rb3 52. Rh7+ Kc8 53. Ra7 Kb8 54. Rh7 a3 55. Kb6 Kc8 (55... Rxc3 $5 56. Rh8+ $8 Rc8 $11) 56. Rc7+ Kd8 57. Ra7 Kc8 58. Rc7+ Kd8 {[%emt 0:00:08] Strongly threatening ...b4.} 59. Ra7 Ke8 60. Kc5 Rxc3+ 61. Kxb5 a2 62. Rxa2 Rg3 {[%emt 0:00:08] Black had all chances to win.   Weighted Error Value: White=0.16 (very precise) /Black=0.08 (flawless)} 1/2-1/2